AoeStats
← Palmejorgen4637

Arena

510378399Analyzed
4v4 RM · 2d ago on Sep 30, 2026· 43m 14s· 8 players
Game mode
Random Map
Map size
Large (8 player)
Population
200
Speed
Normal
Resources
Standard
Victory
Conquest
Starting age
Dark Age
Ending age
Imperial Age
RankedLock teamsTeams togetherTeam positionsShared explorationLock speedFull tech treeHidden civsTurbo modeCheats
Victory
Defeat
🇫🇷 Danes · France
961
+15
🇧🇪 Chinese · Belgium
957
+16
🇬🇧 Celts · United Kingdom
951
+16
🇧🇪 Khmer · Belgium
931
+17
🇩🇰 Ethiopians · Denmark
1033
-20
🇩🇰 Franks · Denmark
1026
-19
🇩🇰 Bohemians · Denmark
892
-14
🇩🇰 Persians · Denmark
838
-11
lodecesky
0:48 Loom
10:20 Feudal Age
11:09 Double-Bit Axe
11:09 Horse Collar
18:04 Castle Age
17:57 Gold Mining
18:02 Stone Mining
20:02 Wheelbarrow
22:01 Town Watch
22:41 Bow Saw
22:34 Heavy Plow
30:34 Hand Cart
30:52 Forging
30:48 Scale Barding Armor
34:40 Imperial Age
32:44 Fletching
33:31 Iron Casting
33:16 Chain Barding Armor
33:31 Town Watch
36:50 Ballistics
37:31 Chemistry
36:36 Siege Engineers
36:43 Fortified Wall
37:12 Plate Barding Armor
37:38 Blast Furnace
38:02 Crop Rotation
37:44 Heavy Scorpion
41:04 Bloodlines
40:55 Husbandry
41:31 Bodkin Arrow
42:32 Masonry
42:43 Double Crossbow
43:07 Conscription
42:49 Tusk Swords
Alex
11:01 Feudal Age
11:43 Double-Bit Axe
15:34 Castle Age
13:46 Horse Collar
15:38 Gold Mining
18:18 Scale Mail Armor
20:49 Arson
21:18 Forging
24:16 Squires
26:26 Wheelbarrow
28:40 Hand Cart
34:19 Gold Shaft Mining
34:11 Chain Mail Armor
34:31 Iron Casting
34:15 Heavy Plow
36:59 Imperial Age
34:50 Loom
34:51 Town Watch
37:39 Elite Varangian Guard
38:57 Plate Mail Armor
43:20 Blast Furnace
Horahlooks
3:20 Loom
12:15 Feudal Age
16:05 Castle Age
13:53 Double-Bit Axe
14:39 Horse Collar
17:00 Bow Saw
20:10 Wheelbarrow
25:55 Heavy Plow
26:18 Gold Mining
29:34 Imperial Age
27:22 Hand Cart
26:56 Town Watch
26:58 Loom
27:34 Scale Mail Armor
27:45 Forging
27:58 Ballistics
28:33 Gold Shaft Mining
28:52 Chain Mail Armor
28:59 Pikeman
30:18 Iron Casting
29:59 Heated Shot
30:41 Stone Mining
31:59 Chemistry
32:31 Conscription
31:36 Halberdier
33:45 Plate Mail Armor
34:15 Blast Furnace
34:49 Furor Celtica
34:35 Heavy Scorpion
34:55 Capped Ram
35:45 Elite Woad Raider
36:40 Siege Ram
nasrek
0:37 Loom
9:31 Feudal Age
15:41 Castle Age
15:02 Forging
14:41 Double-Bit Axe
14:39 Horse Collar
18:29 Scale Barding Armor
18:35 Forging
25:14 Wheelbarrow
25:27 Light Cavalry
26:41 Hand Cart
27:44 Bow Saw
27:36 Heavy Plow
28:04 Pikeman
28:45 Squires
32:25 Imperial Age
32:12 Fletching
32:23 Padded Archer Armor
33:00 Iron Casting
33:29 Conscription
33:44 Elite Chu Ko Nu
34:35 Capped Ram
35:57 Block Printing
36:02 Murder Holes
36:18 Masonry
38:03 Bodkin Arrow
38:23 Leather Archer Armor
39:10 Two-Man Saw
38:53 Bracer
39:28 Ballistics
40:08 Chemistry
39:39 Architecture
39:41 Ring Archer Armor
39:33 Chain Barding Armor
40:13 Blast Furnace
39:45 Bloodlines
39:35 Husbandry
41:26 Scale Mail Armor
Palmejorgen4637
8:19 Loom
10:56 Feudal Age
17:00 Castle Age
16:00 Double-Bit Axe
15:58 Horse Collar
22:19 Bow Saw
26:17 Heavy Plow
26:57 Wheelbarrow
27:36 Gold Mining
31:55 Imperial Age
29:43 Hand Cart
30:03 Bloodlines
29:53 Husbandry
30:03 Scale Barding Armor
32:34 Conscription
33:17 Ballistics
33:58 Chemistry
32:56 Stone Mining
33:42 Gold Shaft Mining
34:37 Two-Man Saw
37:53 Chain Barding Armor
37:47 Forging
39:08 Elite War Elephant
Nickolai k
11:51 Feudal Age
17:33 Castle Age
22:17 Loom
33:49 Imperial Age
35:50 Wheelbarrow
36:28 Elite Hussite Wagon
39:11 Double-Bit Axe
The Priest1783
10:54 Feudal Age
13:21 Double-Bit Axe
16:04 Castle Age
17:24 Bow Saw
21:23 Wheelbarrow
20:34 Town Watch
20:34 Loom
22:53 Crossbowman
23:52 Fletching
28:50 Gold Mining
29:28 Husbandry
31:54 Gold Shaft Mining
31:10 Stone Mining
32:01 Fortified Wall
31:51 Ordonnance Companies
34:31 Bodkin Arrow
34:36 Padded Archer Armor
37:40 Imperial Age
37:04 Murder Holes
37:30 Ballistics
37:59 Cranequins
39:34 Hand Cart
39:48 Heavy Mounted Crossbowman
41:40 Chemistry
40:46 Cavalier
42:17 Scale Barding Armor
42:23 Forging
42:28 Leather Archer Armor
Donp4ppa
10:55 Feudal Age
11:21 Double-Bit Axe
15:15 Castle Age
13:18 Horse Collar
18:26 Bow Saw
20:24 Heavy Plow
22:22 Wheelbarrow
21:32 Loom
21:49 Town Watch
22:40 Gold Mining
25:10 Stone Mining
25:56 Gold Shaft Mining
25:00 Crossbowman
28:03 Hand Cart
27:48 Town Patrol
31:05 Imperial Age
29:09 Fletching
29:22 Padded Archer Armor
29:37 Caravan
30:04 Town Patrol
31:12 Stone Shaft Mining
33:10 Two-Man Saw
32:45 Bodkin Arrow
33:06 Leather Archer Armor
33:05 Thumb Ring
32:20 Arbalester
33:51 Conscription
34:17 Bracer
39:40 Torsion Engines
39:18 Onager
42:19 Siege Engineers
42:04 Siege Onager
Connection lost

Rejoining the realm…

Still unreachable

The connection could not be restored.

Session expired

The server has moved on; the page needs a fresh start.